 Dungeon Crawl Stone Soup version 0.19.5 (webtiles) character file.

8343 TuxedoFelix the Cleaver (level 11, -4/113 HPs)
             Began as a Minotaur Berserker on Apr 15, 2017.
             Was an Elder of Trog.
             Slain by a hornet (9 damage)
             ... while paralysed by a hornet
             ... on level 9 of the Dungeon on Apr 30, 2017.
             The game lasted 00:54:28 (12349 turns).

TuxedoFelix the Cleaver (Minotaur Berserker)       Turns: 12349, Time: 00:54:29

Health: -4/113     AC:  5    Str: 25    XL:     11   Next: 8%
Magic:  10/10      EV:  2    Int:  4    God:    Trog [****..]
Gold:   550        SH:  0    Dex: 10    Spells: 0 memorised, 10 levels left

rFire  x . .     SeeInvis .     a - +0 hand axe
rCold  + . .     Gourm    .     b - +0 leather armour
rNeg   . . .     Faith    .     (no shield)
rPois  .         Spirit   .     (helmet restricted)
rElec  .         Reflect  .     (no cloak)
rCorr  +         Harm     .     p - +0 pair of gloves
MR     .....                    (no boots)
Stlth  +.........               (no amulet)
                                G - ring of ice
                                d - ring of resist corrosion

@: paralysed, lethally poisoned (-4 -> -8), exhausted, slowed
A: retaliatory headbutt, hooves 1, horns 2, rugged brown scales 1
a: Berserk, Trog's Hand, Brothers in Arms, Burn Spellbooks, Renounce Religion


You were on level 9 of the Dungeon.
You worshipped Trog.
Trog was greatly pleased with you.
You were not hungry.

You visited 2 branches of the dungeon, and saw 10 of its levels.

You collected 576 gold pieces.
You spent 26 gold pieces at shops.

Inventory:

Hand Weapons
 a - a +0 hand axe (weapon)
 O - a +4 scimitar of flaming
 Q - a +0 hand crossbow
Missiles
 z - 5 tomahawks
 C - 48 poisoned needles
 D - 2 javelins (quivered)
Armour
 b - a +0 leather armour (worn)
 k - a +0 chain mail
 p - a +0 pair of gloves (worn)
 r - a +0 ring mail
Magical Staves
 i - an uncursed staff of fire {unknown}
Jewellery
 d - a ring of resist corrosion (left hand)
 G - a ring of ice (right hand)
 R - a cursed amulet of inaccuracy
Wands
 t - a wand of confusion (22/48)
 u - a wand of flame (20/48)
 w - a wand of flame (23/48)
 F - a wand of enslavement (16/24)
 I - a wand of enslavement (13/24)
 J - a wand of disintegration (8/24)
 T - a wand of lightning (6/15)
Scrolls
 f - 3 scrolls of fog
 n - 5 scrolls of enchant weapon
 q - 2 scrolls of remove curse {unknown}
 s - a scroll of immolation {unknown}
 v - 3 scrolls of brand weapon {unknown}
 x - 3 scrolls of amnesia
 y - a scroll of enchant armour {unknown}
 B - a scroll of magic mapping {unknown}
 E - a scroll of random uselessness {unknown}
 K - 2 scrolls of noise {unknown}
 L - a scroll of fear {unknown}
 P - a scroll of blinking {unknown}
Potions
 e - a potion of agility
 h - a potion of cancellation
 j - 3 potions of flight
 l - 2 potions of invisibility
 m - a potion of brilliance {unknown}
 A - a potion of lignification
 H - a potion of heal wounds {unknown}
 M - a potion of mutation {unknown}
 N - a potion of haste {unknown}
 S - a potion of degeneration {unknown}
Comestibles
 c - 5 bread rations
 g - 7 beef jerkies
 o - 9 meat rations


   Skills:
 + Level 14.2 Fighting
 + Level 14.4 Axes
 - Level 2.4 Armour
 - Level 2.1 Dodging


You had 10 spell levels left.
You didn't know any spells.

Dungeon Overview and Level Annotations

Branches:
Dungeon (9/15)             Temple (1/1) D:5
   Lair: D:8-11         Orc: D:9-12

Altars:
Ashenzari
Dithmenos
Fedhas
Gozag
Makhleb
Nemelex Xobeh
Okawaru
Trog
Vehumet
Xom
Zin

Shops:
D:4 *

Annotations:
D:4 exclusion: statue
D:9 1 runed door


Innate Abilities, Weirdness & Mutations

You reflexively headbutt those who attack you in melee.
You have a pair of horns on your head.
You have large cloven feet.
You are partially covered in rugged brown scales. (AC +1, +3% HP)


Message History

The hornet is lightly wounded.
The hornet stings you!
You feel yourself slow down.
You hit the hornet. Your kick misses the hornet.
The hornet is moderately wounded.
The hornet stings you!
* * * LOW HITPOINT WARNING * * *
You feel as though you will be slow longer.
The hornet barely misses you. You furiously retaliate!
You headbutt the hornet. You miss the hornet.
You kick the hornet, but do no damage. You headbutt the hornet.
The hornet is heavily wounded.
The hornet stings you!
* * * LOW HITPOINT WARNING * * *
You are poisoned.
You suddenly lose the ability to move!
You feel sick. The hornet stings you.
* * * LOW HITPOINT WARNING * * *
You feel as though you will be slow longer.
The hornet stings you!
You die...

##...# ##......## .#
..< .....###.......##
..# ..#
................##
##.# ##..#
.#...............##..#
##.<..
...........#####....#
##...._ ..........##
#...## #......
###......## ##(.##
##...... ..#.#...##
##....# ##)†._..8
..'.#...#
#.@y..#####†#......
..#....##
#..####.##..##......
###....# #..#
#....#####....
......## #..# ##...#
###.. ....### #..#
##...# .. .>.## #...
#...[# .# ...# #..
#.......# ## ..## #.
#..####..... ### ...#
#.....#


You could see a hornet.

Vanquished Creatures
  Erica (D:8)
  An unseen horror (D:9)
  A hill giant (D:9)
  A troll (D:9)
  A two-headed ogre (D:8)
  A hippogriff (D:7)
  The ghost of devil0150 the Magician, an amateur HEWz (D:5)
  15 yaks (D:9)
  A hungry ghost (D:9)
  A phantom (D:4)
  7 ogres
  A black bear (D:9)
  2 ice beasts
  2 necrophages (D:8)
  4 centaurs
  A big kobold (D:9)
  3 bullfrogs
  3 scorpions (D:7)
  2 killer bees
  A howler monkey (D:4)
  3 crimson imps
  A bullfrog zombie (D:6)
  2 quasits
  7 hounds
  A centaur zombie (D:8)
  3 jellies
  3 orc priests
  4 bullfrog skeletons
  6 orc wizards
  Terence (D:3)
  2 iguanas
  18 worker ants
  2 killer bee zombies
  A hound zombie (D:9)
  A hound skeleton (D:4)
  2 howler monkey zombies
  2 worker ant zombies
  11 adders
  2 shadow imps
  An ooze (D:3)
  2 adder skeletons (D:8)
  2 worms
  3 dart slugs
  2 leopard geckos
  19 orcs
  A ball python (D:3)
  5 bats
  12 giant cockroaches
  9 goblins
  8 hobgoblins
  5 jackals
  9 kobolds
  A quokka (D:9)
  5 frilled lizards
  A leopard gecko skeleton (D:8)
  5 rats
  2 butterflies (D:7)
214 creatures vanquished.

Notes
Turn   | Place    | Note
-------+----------+-------------------------------------------
     0 | D:1      | TuxedoFelix the Minotaur Berserker began the quest for the Orb.
     0 | D:1      | Reached XP level 1. HP: 19/19 MP: 0/0
   155 | D:1      | Reached XP level 2. HP: 24/27 MP: 1/1
   614 | D:2      | Reached XP level 3. HP: 21/34 MP: 2/2
   871 | D:2      | Found a shadowy altar of Dithmenos.
   910 | D:2      | Noticed an angel
   911 | D:2      | Found a shimmering altar of Xom.
   912 | D:2      | Found a glowing silver altar of Zin.
  1106 | D:2      | Found an opulent altar of Gozag.
  1403 | D:2      | Reached ** piety under Trog
  1571 | D:3      | Noticed Terence
  1579 | D:3      | Killed Terence
  1579 | D:3      | Reached skill level 5 in Fighting
  1579 | D:3      | Reached skill level 5 in Axes
  1579 | D:3      | Reached XP level 4. HP: 42/42 MP: 3/3
  1867 | D:3      | Reached XP level 5. HP: 7/49 MP: 4/4
  3246 | D:4      | Reached XP level 6. HP: 50/58 MP: 5/5
  3448 | D:4      | Found Xioqiu Furi's General Store.
  3456 | D:4      | Bought a scroll of identify for 26 gold pieces
  3458 | D:4      | Found a bloodstained altar of Trog.
  3502 | D:4      | Reached *** piety under Trog
  3504 | D:4      | Reached XP level 7. HP: 24/66 MP: 6/6
  4193 | D:4      | Found a radiant altar of Vehumet.
  4565 | D:4      | Found Xagufof's Armour Emporium.
  5012 | D:5      | Entered Level 5 of the Dungeon
  5042 | D:5      | Found a sparkling altar of Nemelex Xobeh.
  5063 | D:5      | Noticed devil0150's ghost (amateur HEWz)
  5730 | D:5      | Reached XP level 8. HP: 67/75 MP: 7/7
  5817 | D:5      | Killed devil0150's ghost
  6056 | D:5      | Found a staircase to the Ecumenical Temple.
  6062 | Temple   | Entered the Ecumenical Temple
  7088 | D:7      | Reached skill level 10 in Axes
  7205 | D:7      | Gained mutation: You have large cloven feet. [potion of beneficial mutation]
  7206 | D:7      | Gained mutation: You are partially covered in rugged brown scales. (AC +1, +3% HP) [potion of beneficial mutation]
  7384 | D:7      | Reached skill level 10 in Fighting
  7903 | D:7      | Noticed a hippogriff
  7913 | D:7      | Killed a hippogriff
  7913 | D:7      | Reached XP level 9. HP: 88/88 MP: 8/8
  7935 | D:7      | Found a runed door.
  7940 | D:7      | Found a runed door.
  7965 | D:7      | Reached **** piety under Trog
  9055 | D:8      | Noticed Erica
  9074 | D:8      | HP: 4/91 [something (1)]
 10004 | D:8      | Killed Erica
 10004 | D:8      | Reached XP level 10. HP: 79/99 MP: 9/9
 10409 | D:9      | Found a runed door.
 10714 | D:9      | Found a shattered altar of Ashenzari.
 10855 | D:9      | Noticed a hill giant
 10860 | D:9      | Killed an unseen horror
 10864 | D:9      | Killed a hill giant
 11042 | D:9      | Found a runed door.
 12277 | D:9      | Found an iron altar of Okawaru.
 12277 | D:9      | Found a burning altar of Makhleb.
 12286 | D:9      | Reached XP level 11. HP: 85/113 MP: 10/10
 12304 | D:9      | Found a blossoming altar of Fedhas.
 12344 | D:9      | Paralysed by a hornet for 1 turns
 12348 | D:9      | Paralysed by a hornet for 3 turns
 12349 | D:9      | HP: 5/113 [hornet (2)]
 12349 | D:9      | Slain by a hornet

Skill      XL: |  1  2  3  4  5  6  7  8  9 10 |
---------------+-------------------------------+-----
Fighting       | 4 5 6 7 8 10 12 14 | 14.2
Axes           | 4 5 6 7 8 10 12 14 | 14.4
Armour         | |  2.4
Dodging        | |  2.1

Action                   |  1- 3 |  4- 6 |  7- 9 | 10-12 || total
-------------------------+-------+-------+-------+-------++-------
Melee: Hand axe          |    69 |   131 |   362 |   198 ||   760
       Headbutt          |    13 |    23 |    80 |    56 ||   172
       Kick              |       |       |    45 |    78 ||   123
Invok: Berserk           |     1 |     1 |     6 |     3 ||    11
       Trog's Hand       |       |     3 |     3 |     1 ||     7
  Use: Scroll            |     3 |     2 |    10 |     2 ||    17
       Potion            |       |       |     3 |       ||     3
  Eat: Chunk             |     2 |     8 |     2 |     2 ||    14
       Beef jerky        |       |       |     3 |       ||     3
       Bread ration      |       |       |     3 |       ||     3
       Pizza             |       |       |     1 |       ||     1
       Meat ration       |       |       |     1 |     2 ||     3
       Royal jelly       |       |       |     1 |       ||     1
Armor: Animal skin       |     6 |       |       |       ||     6
       Leather armour    |    17 |    26 |   104 |    32 ||   179
Dodge: Dodged            |    53 |    63 |   229 |    85 ||   430
